 Dungeon Crawl Stone Soup version 0.30-a0-170-g85af917532 (webtiles) character file.

Game seed: 1384909319990001893

106328 qw the Severer (level 16, -6/103 HPs)
             Began as a Gargoyle Fighter on Sept 30, 2022.
             Was a High Priest of Okawaru.
             Killed by divine providence
             ... invoked by a smoke demon
             ... summoned by an orc high priest
              (11 damage)
             ... on level 2 of the Orcish Mines.
             The game lasted 00:11:21 (20540 turns).

qw the Severer (Gargoyle Fighter)                  Turns: 20540, Time: 00:11:21

Health: -6/103     AC: 39    Str: 37    XL:     16   Next: 43%
Magic:  23/23      EV: 18    Int:  9    God:    Okawaru [*****.]
Gold:   748        SH: 16    Dex: 24    Spells: 15/15 levels left

rFire   + . .      SeeInvis +    g - +3 broad axe
rCold   + . .      Faith    .    x - +0 kite shield
rNeg    + . .      Spirit   .    y - +3 chain mail {rC+}
rPois   inf        Reflect  .    q - +1 helmet {SInv}
rElec   +          Harm     .    v - +1 cloak {Will+}
rCorr   .          Rampage  +    H - +1 pair of gloves of Peusot {rF+ Will+ Dex+3}
Will    ++++.                    I - +1 pair of boots of Patterns {Dex+3 Slay+2 Stlth+}
Stlth   +.........               b - amulet of Surprise {Acrobat Rampage Will+ Dex+4}
HPRegen 1.07/turn                F - +6 ring of dexterity
MPRegen 0.18/turn                D - +6 ring of strength

@: about to teleport, heroic, flying
A: sickness immunity, AC +12, big wings, negative energy resistance 1,
electricity resistance, torment resistance 1, petrification resistance, talons
1, sense surroundings 1, regeneration 1, strong 1
a: Renounce Religion, Heroism, Finesse, Duel


You were on level 2 of the Orcish Mines.
You worshipped Okawaru.
Okawaru was extremely pleased with you.
You visited 4 branches of the dungeon, and saw 23 of its levels.

You collected 2703 gold pieces.
You spent 1955 gold pieces at shops.


Innate Abilities, Weirdness & Mutations

You are immune to sickness and miasma.
Your stone body is resilient. (AC +12)
You are immune to poison.
Your large and strong wings let you fly.
You resist negative energy. (rN+)
You are resistant to electric shocks. (rElec)
You are resistant to unholy torment.
You are immune to petrification.
You have sharp toenails.
You passively map a small area around you.
Your natural rate of healing is unusually fast.
Your muscles are strong. (Str +4, Int/Dex -1)


   Skills:
 - Level 12.7(17.7) Fighting
 - Level 17.0(22.0) Axes
 - Level 7.0(12.0) Throwing
 - Level 10.1(15.1) Armour
 + Level 6.0(11.0) Dodging
 - Level 13.0(18.0) Shields
 - Level 10.0 Invocations


You had 15 spell levels left.
You didn't know any spells.
Your spell library was empty.

Inventory:

Hand Weapons
 g - a +3 broad axe (weapon)
 n - the +10 hand axe of the Moth {vorpal, rPois rF++ rCorr Int-3}
   (You took it off a hobgoblin on level 3 of the Dungeon)

   It inflicts extra damage upon your enemies.
   Int:       It affects your intelligence (-3).
   rF:        It greatly protects you from fire.
   rPois:     It protects you from poison.
   rCorr:     It protects you from acid and corrosion.
 w - a +2 war axe of flaming
Armour
 p - a +6 plate armour of ponderousness
 q - a +1 helmet of see invisible (worn)
 r - the +0 cloak of the Nexus {*Slow +Inv rCorr Int-3}
   (You bought it in a shop on level 6 of the Dungeon)

   Int:       It affects your intelligence (-3).
   +Inv:      It lets you turn invisible.
   rCorr:     It protects you from acid and corrosion.
   *Slow:     It may slow you when you take damage.
 u - +0 acid dragon scales
 v - a +1 cloak of willpower (worn)
 x - a +0 kite shield (worn)
 y - a +3 chain mail of cold resistance (worn)
 C - a +2 cloak
 H - the +1 pair of gloves of Peusot (worn) {rF+ Will+ Dex+3}
   (Okawaru gifted it to you on level 15 of the Dungeon)

   Dex:       It affects your dexterity (+3).
   rF:        It protects you from fire.
   Will:      It increases your willpower.
 I - the +1 pair of boots of Patterns (worn) {Dex+3 Slay+2 Stlth+}
   (You found it on level 13 of the Dungeon)

   Dex:       It affects your dexterity (+3).
   Slay:      It affects your accuracy & damage with ranged weapons and melee
   (+2).
   Stlth:     It makes you more stealthy.
Jewellery
 b - the amulet of Surprise (around neck) {Acrobat Rampage Will+ Dex+4}
   (You found it on level 8 of the Dungeon)

   [amulet of the acrobat]

   It increases your evasion while moving and waiting.
   Dex:       It affects your dexterity (+4).
   Rampage:   It bestows one free step when moving towards enemies.
   Will:      It increases your willpower.
 t - a ring of protection from cold
 A - a ring of resist corrosion
 D - a +6 ring of strength (right hand)
 E - an amulet of reflection
 F - a +6 ring of dexterity (left hand)
 G - the ring of Heor {Ice rN++ Will-}
   (You found it on level 12 of the Dungeon)

   [ring of ice]

   It enhances your ice magic.
   rF:        It makes you vulnerable to fire.
   rC:        It protects you from cold.
   rN:        It greatly protects you from negative energy.
   Will:      It decreases your willpower.
 J - a ring of protection from fire
 Y - a ring of protection from fire
Scrolls
 a - 7 scrolls of identify
Potions
 d - 5 potions of might
 e - 2 potions of cancellation
 f - 2 potions of lignification
 h - 8 potions of heal wounds
 j - 8 potions of haste
 k - 5 potions of mutation
 l - 9 potions of attraction
 s - a potion of magic
 z - 2 potions of curing
 B - 2 potions of resistance

Dungeon Overview and Level Annotations

Branches:
Dungeon (15/15)            Temple (1/1) D:5            Lair (5/5) D:9
  Swamp (0/4) Lair:3       Spider (0/4) Lair:2        Slime (0/5) Lair:5
    Orc (2/2) D:9             Elf (0/3) Orc:2        Vaults (0/5) D:13
 Depths (0/4) D:15

Altars:
Ashenzari
Cheibriados
Dithmenos
Elyvilon
Fedhas
Gozag
Hepliaklqana
Kikubaaqudgha
Makhleb
Nemelex Xobeh
Okawaru
Qazlal
Ru
Sif Muna
Trog
Uskayaw
Vehumet
Wu Jian
Xom
Yredelemnul
Zin
The Shining One

Shops:
D:6 [   D:8 (   D:11 =   D:13 [   D:15 *   Orc:1 (

Annotations:
D:3 2 transporters, qw's ghost, amateur GrFi
D:4 1 runed translucent door, Crazy Yiuf
D:10 4 runed translucent doors


Message History

You hit the orc high priest.
The orc warrior unwields a +3 vorpal war axe.
The orc warrior wields a +0 arbalest.
The orc warrior shoots a bolt.
You block the bolt.
An orc priest comes into view. It is wielding a +0 club.
The orc high priest utters an invocation to Beogh.
You barely miss the orc high priest.
The orc high priest is lightly wounded.
You hit the orc.
An orc high priest comes into view. It is wielding a +0 mace.
The orc high priest prays to Beogh.
You block the orc high priest's attack.
You hit the orc high priest.
The orc high priest is moderately wounded.
You miss the chaos spawn. You slice the orc!!
You kill the orc!
You barely miss the orc priest. You slash the smoke demon!
You block the orc priest's attack.
An orc priest comes into view. It is wielding a +0 short sword.
The orc priest invokes the aid of Beogh against you.
Beogh smites you! You block the orc high priest's attack.
The smoke demon gestures at you. Beogh smites you!
20540 ||| READING scroll of teleportation.
As you read the scroll of teleportation, it crumbles to dust.
You feel strangely unstable. You block the chaos spawn's attack.
The red devil barely misses you.
An orc priest comes into view. It is wielding a +0 dagger.
The orc high priest invokes the aid of Beogh against you.
Beogh smites you!
The orc high priest mumbles some strange prayers to Beogh.
The orc high priest calls down the wrath of Beogh upon you.
Beogh smites you!
An orc warrior comes into view. It is wielding a +0 scimitar.
You block the orc priest's attack. You block the smoke demon's attack.
The smoke demon closely misses you.
The smoke demon hits you but does no damage.
The smoke demon gestures at you. Beogh smites you!
You die...

,.#** ### ...**
#.# ,
....##...## #
#.#.#.#.#.##.##
......3.......#
,
........44...#
,
..o...)oo....#
*,#o4@34# * , ,
#..)ooo.# ,
##.##o...# * *
, , , ## 3o.##
* ,, * o..# *
o...# , * * * ,
.... ...# * , ,
,*


You could see 4 orc high priests, a sun demon (summoned), a rust devil
(summoned), 2 smoke demons, 2 chaos spawn, a red devil (summoned), 2 orc
warriors, 4 orc priests and an orc.

Vanquished Creatures
  Kirke (Lair:4)
  2 fire dragons
  2 vault guards (D:13)
  4 hydras
  Harold (D:9)
  6 centaur warriors
  11 two-headed ogres
  2 catoblepae
  2 ogre magi (D:15)
  3 death yaks (Lair:5)
  Erica (D:9)
  6 boulder beetles
  A death knight (D:9)
  A vampire mage (D:15)
  An orc high priest (Orc:2)
  2 skeletal warriors
  A shadow dragon zombie (D:15)
  A swamp dragon (Lair:5)
  A spark wasp zombie (D:15)
  4 harpies (D:15)
  3 orc knights (Orc:2)
  2 necromancers
  16 ugly things
  5 deep elf pyromancers
  Pikel (D:7)
  A frost giant zombie (D:15)
  6 cyclopes
  An orc sorcerer (Orc:2)
  A wolf spider (D:10)
  A tengu skeleton (D:15)
  4 manticores
  A will-o-the-wisp (Lair:3)
  Maurice (D:9)
  Joseph (D:8)
  5 black mambas
  3 gargoyles
  8 elephants
  Maggie (D:8)
  6 rime drakes
  15 cane toads
  Psyche (D:9)
  An unseen horror (D:12)
  2 kobold demonologists
  An efreet (D:15)
  A yaktaur (shapeshifter) (D:14)
  A tengu conjurer (D:12)
  A guardian mummy (D:15)
  16 komodo dragons
  A hornet (Lair:4)
  10 polar bears
  A tarantella (Lair:2)
  3 trolls
  15 blink frogs
  4 raiju (Lair:5)
  6 dream sheep (Lair:2)
  12 slime creatures
  5 shadows
  3 wyverns
  7 wraiths
  2 vampires
  4 hogs (Lair:4)
  21 humans (D:13)
  4 basilisks
  A basilisk (shapeshifter) (D:13)
  19 vampire mosquitoes
  42 yaks
  11 wargs
  A steam dragon (D:7)
  A two-headed ogre zombie (D:9)
  Edmund (D:4)
  3 acid dragons
  16 water moccasins
  13 hell hounds
  A swamp drake (Lair:5)
  16 orc warriors
  2 sky beasts (D:6)
  7 ogres
  13 black bears
  16 wolves
  16 centaurs
  2 phantoms
  2 lemures (D:7)
  5 gnoll sergeants
  5 kobold brigands
  10 bullfrogs
  3 scorpions
  2 necrophages
  A wight (D:7)
  4 troll zombies (D:9)
  4 killer bees
  13 howler monkeys
  An electric eel (D:10)
  2 quasits (D:5)
  4 hounds
  2 gnoll boudas
  18 orc priests
  A jelly (D:6)
  6 iguanas
  20 orc wizards
  11 hell rats (Lair:5)
  3 ogre zombies (D:9)
  16 gnolls
  16 adders
  7 shadow imps
  9 white imps
  2 ufetubi (D:5)
  2 worms
  3 dart slugs
  65 orcs
  2 bats
  5 endoplasms
  4 giant cockroaches
  10 goblins
  5 hobgoblins
  4 jackals (D:4)
  19 kobolds
  6 quokkas
  4 ball pythons
  3 frilled lizards
  2 goblin skeletons (D:9)
  6 goblin zombies (D:9)
  4 hobgoblin zombies (D:9)
  5 orc skeletons (D:9)
  8 orc zombies (D:9)
  9 rats
771 creatures vanquished.

Vanquished Creatures (others)
  2 ugly things
  A rime drake (Lair:5)
  A troll (D:12)
  A howler monkey (D:12)
  An iguana (Lair:5)
  An orc wizard (D:12)
  4 demonic plants (D:5)
  2 foxfires (Lair:3)
  30 fungi
  52 plants
  7 withered plants (D:15)
102 creatures vanquished.

Grand Total: 873 creatures vanquished

Notes
Turn   | Place    | Note
-------+----------+-------------------------------------------
     0 | D:1      | qw the Gargoyle Fighter began the quest for the Orb.
     0 | D:1      | Reached XP level 1. HP: 14/14 MP: 1/1
     0 | D:1      | 0 ||| qw: Version: 0.2-a-12-gaebbb33
     0 | D:1      | 0 ||| qw: Game counter: 1479
     0 | D:1      | 0 ||| qw: Always use a shield: true
     0 | D:1      | 0 ||| qw: God list: Okawaru
     0 | D:1      | 0 ||| qw: Allow faded altars: false
     0 | D:1      | 0 ||| qw: Do Orc after D:15 true
     0 | D:1      | 0 ||| qw: Do second Lair branch before Depths: true
     0 | D:1      | 0 ||| qw: Lair rune preference: random
     0 | D:1      | 0 ||| qw: Plans: Normal, Zot:1-4, God:TSO, Crypt, Tomb,
                  | Pan, Slime:5, Hells, Abyss, Orb
     0 | D:1      | 0 ||| PLANNING D:1-11
    62 | D:1      | Reached skill level 2 in Axes
    80 | D:1      | Reached XP level 2. HP: 19/19 MP: 2/2
   115 | D:1      | Found a faded altar of an unknown god.
   163 | D:1      | 163 ||| Stepping ~*~*~tactically~*~*~ (stealth).
   285 | D:1      | 285 ||| Stepping ~*~*~tactically~*~*~ (stealth).
   288 | D:1      | 288 ||| Stepping ~*~*~tactically~*~*~ (stealth).
   430 | D:1      | 430 ||| Stepping ~*~*~tactically~*~*~ (stealth).
   432 | D:1      | 432 ||| Stepping ~*~*~tactically~*~*~ (stealth).
   795 | D:1      | 795 ||| Stepping ~*~*~tactically~*~*~ (stealth).
   798 | D:1      | Reached skill level 3 in Axes
   802 | D:1      | Reached XP level 3. HP: 23/23 MP: 3/3
   937 | D:1      | 937 ||| Stepping ~*~*~tactically~*~*~ (stealth).
  1110 | D:1      | 1110 ||| READING 2 scrolls labelled AXTUL MIWNEOH.
  1111 | D:1      | 1111 ||| READING scroll labelled BIYDUHE JOABYWU.
  1112 | D:1      | 1112 ||| READING scroll labelled YGYXONWEUCLO.
  1112 | D:1      | Identified a scroll of acquirement
  1112 | D:1      | 1112 ||| ACQUIRING +1 cloak of stealth
  1112 | D:1      | Acquired a +1 cloak of stealth
  1114 | D:1      | 1114 ||| UPGRADING to +1 cloak of stealth.
  1119 | D:1      | 1119 ||| READING scroll labelled DINI NADWY.
  1120 | D:1      | 1120 ||| READING scroll labelled OLORATWORY.
  1262 | D:2      | Reached XP level 4. HP: 24/28 MP: 4/4
  1315 | D:2      | Identified the +1 leather armour of Decoaros {rElec Int+3}
  1460 | D:2      | Reached skill level 4 in Axes
  1982 | D:2      | 1982 ||| DROPPING +1 leather armour of Decoaros {rElec
                  | Int+3}.
  1983 | D:2      | 1983 ||| UPGRADING to +0 pair of gloves.
  1988 | D:2      | 1988 ||| UPGRADING to amulet of the acrobat.
  1993 | D:2      | 1993 ||| READING scroll labelled QYCVOC SAGHIOC.
  2044 | D:2      | 2044 ||| READING scroll labelled DIUXOEMEXA.
  2045 | D:2      | 2045 ||| DRINKING 2 grey potions.
  2046 | D:2      | 2046 ||| READING 2 scrolls of identify.
  2046 | D:2      | 2046 ||| IDENTIFYING amethyst potion
  2047 | D:2      | 2047 ||| DROPPING potion of brilliance.
  2063 | D:3      | 2063 ||| STAIRDANCE
  2136 | D:3      | Reached XP level 5. HP: 22/32 MP: 5/5
  2244 | D:3      | Identified the +10 hand axe of the Moth {vorpal, rPois rF++
                  | rCorr Int-3}
  2262 | D:3      | 2262 ||| SWAPPING to +10 hand axe of the Moth {vorpal,
                  | rPois rF++ rCorr Int-3}.
  2271 | D:3      | Found a shadowy altar of Dithmenos.
  2286 | D:3      | Found a transporter.
  2307 | D:3      | Reached skill level 5 in Axes
  2398 | D:3      | Found a transporter.
  2400 | D:3      | Noticed qw's ghost (amateur GrFi)
  2612 | D:3      | 2612 ||| UPGRADING to +6 ring of dexterity.
  2613 | D:3      | 2613 ||| READING scroll labelled HUPPIH TYNKE.
  2618 | D:3      | 2618 ||| READING scroll labelled XEIRATHA PEIXKU.
  2619 | D:3      | 2619 ||| READING scroll labelled WOUMEA VAOLLIVUY.
  2620 | D:3      | 2620 ||| DRINKING 2 inky potions.
  2620 | D:3      | Gained mutation: You passively map a small area around you.
                  | [potion of mutation]
  2620 | D:3      | Gained mutation: You have sharp toenails. [potion of
                  | mutation]
  2620 | D:3      | Gained mutation: Your natural rate of healing is unusually
                  | fast. [potion of mutation]
  2620 | D:3      | Gained mutation: Your muscles are strong. (Str +4, Int/Dex
                  | -1) [potion of mutation]
  2621 | D:3      | 2621 ||| READING 2 scrolls of identify.
  2621 | D:3      | 2621 ||| IDENTIFYING murky pink potion
  2653 | D:4      | Noticed a phantom
  2658 | D:4      | 2658 ||| Stepping ~*~*~tactically~*~*~ (stealth).
  2663 | D:4      | Killed a phantom
  2664 | D:4      | Reached XP level 6. HP: 37/37 MP: 6/6
  2699 | D:4      | 2699 ||| Stepping ~*~*~tactically~*~*~ (hiding).
  2831 | D:4      | Found an ancient bone altar of Kikubaaqudgha.
  2833 | D:4      | Found a hazy altar of Hepliaklqana.
  3031 | D:4      | Reached XP level 7. HP: 44/44 MP: 7/7
  3057 | D:4      | Noticed Edmund
  3074 | D:4      | Killed Edmund
  3075 | D:4      | Reached skill level 6 in Axes
  3108 | D:4      | 3108 ||| DROPPING +0 whip.
  3191 | D:4      | Found a runed translucent door.
  3192 | D:4      | Noticed Crazy Yiuf
  3358 | D:4      | 3358 ||| Stepping ~*~*~tactically~*~*~ (stealth).
  3366 | D:4      | 3366 ||| Stepping ~*~*~tactically~*~*~ (stealth).
  3373 | D:4      | 3373 ||| Stepping ~*~*~tactically~*~*~ (hiding).
  3449 | D:4      | 3449 ||| Stepping ~*~*~tactically~*~*~ (stealth).
  3456 | D:4      | 3456 ||| Stepping ~*~*~tactically~*~*~ (hiding).
  3488 | D:4      | Found an ornate altar of the Wu Jian Council.
  3606 | D:4      | 3606 ||| DROPPING orb of energy.
  3607 | D:4      | 3607 ||| DROPPING ring of flight.
  3608 | D:4      | 3608 ||| DRINKING 2 sedimented green potions.
  3675 | D:5      | Entered Level 5 of the Dungeon
  3705 | D:5      | 3705 ||| FLEEEEING.
  3706 | D:5      | 3706 ||| FLEEEEING.
  3766 | D:5      | 3766 ||| FLEEEEING.
  3767 | D:5      | 3767 ||| FLEEEEING.
  3768 | D:5      | 3768 ||| FLEEEEING.
  3769 | D:5      | 3769 ||| FLEEEEING.
  3770 | D:5      | 3770 ||| FLEEEEING.
  3771 | D:5      | 3771 ||| FLEEEEING.
  3789 | D:5      | Reached skill level 7 in Axes
  3852 | D:5      | 3852 ||| Stepping ~*~*~tactically~*~*~ (stealth).
  3859 | D:5      | Reached XP level 8. HP: 46/48 MP: 8/8
  3864 | D:5      | 3864 ||| Stepping ~*~*~tactically~*~*~ (stealth).
  3866 | D:5      | 3866 ||| Stepping ~*~*~tactically~*~*~ (stealth).
  3962 | D:5      | 3962 ||| Stepping ~*~*~tactically~*~*~ (hiding).
  3963 | D:5      | 3963 ||| Stepping ~*~*~tactically~*~*~ (hiding).
  3977 | D:5      | Found a staircase to the Ecumenical Temple.
  3978 | D:5      | 3978 ||| PLANNING TEMPLE
  3986 | Temple   | Entered the Ecumenical Temple
  4040 | Temple   | 4040 ||| PLANNING OKAWARU WORSHIP
  4191 | Temple   | Became a worshipper of Warmaster Okawaru
  4192 | Temple   | 4192 ||| PLANNING D:1-11
  4215 | D:5      | 4215 ||| Stepping ~*~*~tactically~*~*~ (stealth).
  4220 | D:5      | Reached skill level 1 in Throwing
  4221 | D:5      | 4221 ||| Stepping ~*~*~tactically~*~*~ (hiding).
  4223 | D:5      | 4223 ||| Stepping ~*~*~tactically~*~*~ (hiding).
  4282 | D:5      | 4282 ||| Stepping ~*~*~tactically~*~*~ (stealth).
  4284 | D:5      | 4284 ||| Stepping ~*~*~tactically~*~*~ (hiding).
  4287 | D:5      | 4287 ||| Stepping ~*~*~tactically~*~*~ (hiding).
  4376 | D:5      | 4376 ||| Stepping ~*~*~tactically~*~*~ (stealth).
  4379 | D:5      | 4379 ||| Stepping ~*~*~tactically~*~*~ (stealth).
  4390 | D:5      | 4390 ||| FLEEEEING.
  4393 | D:5      | 4393 ||| FLEEEEING.
  4394 | D:5      | 4394 ||| FLEEEEING.
  4395 | D:5      | 4395 ||| FLEEEEING.
  4396 | D:5      | 4396 ||| FLEEEEING.
  4397 | D:5      | 4397 ||| FLEEEEING.
  4401 | D:5      | 4401 ||| Stepping ~*~*~tactically~*~*~ (hiding).
  4404 | D:5      | 4404 ||| Stepping ~*~*~tactically~*~*~ (hiding).
  4628 | D:5      | Reached skill level 8 in Axes
  4698 | D:5      | 4698 ||| Stepping ~*~*~tactically~*~*~ (hiding).
  4700 | D:5      | 4700 ||| Stepping ~*~*~tactically~*~*~ (hiding).
  4804 | D:5      | 4804 ||| UPGRADING to +0 chain mail.
  4814 | D:5      | 4814 ||| DROPPING +0 scale mail.
  4815 | D:5      | 4815 ||| READING 2 scrolls of identify.
  4815 | D:5      | 4815 ||| IDENTIFYING murky silvery potion
  4828 | D:5      | 4828 ||| STAIRDANCE
  4832 | D:5      | 4832 ||| STAIRDANCE
  4836 | D:5      | 4836 ||| STAIRDANCE
  4840 | D:5      | 4840 ||| STAIRDANCE
  4844 | D:5      | 4844 ||| STAIRDANCE
  4848 | D:5      | 4848 ||| STAIRDANCE
  4852 | D:5      | 4852 ||| STAIRDANCE
  4856 | D:5      | 4856 ||| STAIRDANCE
  4860 | D:5      | 4860 ||| STAIRDANCE
  4864 | D:5      | 4864 ||| STAIRDANCE
  4868 | D:5      | 4868 ||| STAIRDANCE
  4872 | D:5      | 4872 ||| STAIRDANCE
  4876 | D:5      | 4876 ||| STAIRDANCE
  4880 | D:5      | 4880 ||| STAIRDANCE
  4884 | D:5      | 4884 ||| STAIRDANCE
  4888 | D:5      | 4888 ||| STAIRDANCE
  4892 | D:5      | 4892 ||| STAIRDANCE
  4896 | D:5      | 4896 ||| STAIRDANCE
  4900 | D:5      | 4900 ||| STAIRDANCE
  4904 | D:5      | 4904 ||| STAIRDANCE
  4928 | D:5      | 4928 ||| FLEEEEING.
  4929 | D:5      | 4929 ||| FLEEEEING.
  4933 | D:5      | 4933 ||| FLEEEEING.
  4934 | D:5      | 4934 ||| FLEEEEING.
  4935 | D:5      | 4935 ||| FLEEEEING.
  4936 | D:5      | 4936 ||| FLEEEEING.
  4937 | D:5      | 4937 ||| FLEEEEING.
  4938 | D:5      | 4938 ||| FLEEEEING.
  4939 | D:5      | 4939 ||| FLEEEEING.
  4940 | D:5      | 4940 ||| FLEEEEING.
  4941 | D:5      | 4941 ||| FLEEEEING.
  4942 | D:5      | 4942 ||| FLEEEEING.
  4943 | D:5      | 4943 ||| FLEEEEING.
  4944 | D:5      | 4944 ||| FLEEEEING.
  4945 | D:5      | 4945 ||| FLEEEEING.
  4950 | D:5      | 4950 ||| FLEEEEING.
  4951 | D:5      | 4951 ||| FLEEEEING.
  5010 | D:4      | Found a bloodstained altar of Trog.
  5010 | D:4      | Found a burning altar of Makhleb.
  5019 | D:4      | 5019 ||| READING 2 scrolls of identify.
  5019 | D:4      | 5019 ||| IDENTIFYING sedimented golden potion
  5020 | D:4      | 5020 ||| DROPPING potion of ambrosia.
  5083 | D:6      | 5083 ||| Stepping ~*~*~tactically~*~*~ (stealth).
  5110 | D:6      | 5110 ||| Stepping ~*~*~tactically~*~*~ (hiding).
  5111 | D:6      | 5111 ||| Stepping ~*~*~tactically~*~*~ (hiding).
  5129 | D:6      | 5129 ||| Stepping ~*~*~tactically~*~*~ (stealth).
  5200 | D:6      | Reached * piety under Okawaru
  5201 | D:6      | Reached skill level 6 in Fighting
  5273 | D:6      | 5273 ||| INVOKING Heroism.
  5277 | D:6      | Reached skill level 1 in Invocations
  5311 | D:6      | Reached XP level 9. HP: 55/55 MP: 8/10
  5581 | D:6      | 5581 ||| Stepping ~*~*~tactically~*~*~ (hiding).
  5585 | D:6      | 5585 ||| INVOKING Heroism.
  5586 | D:6      | 5586 ||| Stepping ~*~*~tactically~*~*~ (hiding).
  5613 | D:6      | 5613 ||| Stepping ~*~*~tactically~*~*~ (hiding).
  5615 | D:6      | 5615 ||| INVOKING Heroism.
  5633 | D:6      | Reached skill level 3 in Invocations
  5686 | D:6      | 5686 ||| DRINKING 3 potions of curing.
  5686 | D:6      | 5686 ||| (to cure confusion)
  5688 | D:6      | Found a shimmering blue altar of Sif Muna.
  5691 | D:6      | 5691 ||| DRINKING 2 potions of curing.
  5691 | D:6      | 5691 ||| (to cure confusion)
  5843 | D:6      | Reached skill level 9 in Axes
  5847 | D:6      | Found Penun's Antique Armour Boutique.
  5852 | D:6      | 5852 ||| BUYING crude cloak (304 gold).
  5852 | D:6      | Bought a crude cloak for 304 gold pieces
  5852 | D:6      | Identified the +0 cloak of the Nexus {*Slow +Inv rCorr
                  | Int-3} (You bought it in a shop on level 6 of the Dungeon)
  5852 | D:6      | 5852 ||| SHOPLISTING pair of ichor-stained gloves (304
                  | gold, have 18).
  5852 | D:6      | 5852 ||| SHOPLISTING plate armour (736 gold, have 18).
  5852 | D:6      | 5852 ||| SHOPLISTING shiny plate armour (832 gold, have
                  | 18).
  6031 | D:6      | 6031 ||| INVOKING Heroism.
  6125 | D:6      | Found a stormy altar of Qazlal.
  6189 | D:6      | 6189 ||| READING scroll labelled NECUUV UNOIFU.
  6190 | D:6      | 6190 ||| READING 6 scrolls of identify.
  6190 | D:6      | 6190 ||| IDENTIFYING white potion
  6191 | D:6      | 6191 ||| READING 5 scrolls of identify.
  6191 | D:6      | 6191 ||| IDENTIFYING green potion
  6192 | D:6      | 6192 ||| DROPPING potion of degeneration.
  6274 | D:7      | Found a stormy altar of Qazlal.
  6275 | D:7      | 6275 ||| Stepping ~*~*~tactically~*~*~ (hiding).
  6277 | D:7      | 6277 ||| Stepping ~*~*~tactically~*~*~ (hiding).
  6280 | D:7      | 6280 ||| INVOKING Heroism.
  6288 | D:7      | 6288 ||| Stepping ~*~*~tactically~*~*~ (stealth).
  6303 | D:7      | 6303 ||| Stepping ~*~*~tactically~*~*~ (hiding).
  6304 | D:7      | 6304 ||| Stepping ~*~*~tactically~*~*~ (stealth).
  6308 | D:7      | 6308 ||| INVOKING Heroism.
  6378 | D:7      | 6378 ||| INVOKING Heroism.
  6395 | D:7      | 6395 ||| Stepping ~*~*~tactically~*~*~ (hiding).
  6403 | D:7      | Reached ** piety under Okawaru
  6407 | D:7      | 6407 ||| INVOKING Heroism.
  6770 | D:7      | 6770 ||| INVOKING Heroism.
  6976 | D:7      | 6976 ||| UPGRADING to +0 plate armour.
  6986 | D:7      | 6986 ||| DROPPING +0 chain mail.
  6987 | D:7      | 6987 ||| DROPPING +6 ring of intelligence.
  6988 | D:7      | 6988 ||| READING scroll labelled UNUPIW XAUT.
  6989 | D:7      | 6989 ||| READING scroll labelled WIOHIDDUMUH.
  7020 | D:8      | 7020 ||| STAIRDANCE
  7025 | D:8      | 7025 ||| STAIRDANCE
  7053 | D:8      | Reached XP level 10. HP: 62/63 MP: 13/13
  7093 | D:8      | Identified the amulet of Surprise {Acrobat Rampage Will+
                  | Dex+4}
  7137 | D:8      | Noticed Joseph
  7141 | D:8      | Found a snail-covered altar of Cheibriados.
  7153 | D:8      | Killed Joseph
  7154 | D:8      | Reached skill level 6 in Armour
  7186 | D:8      | 7186 ||| Stepping ~*~*~tactically~*~*~ (stealth).
  7188 | D:8      | 7188 ||| Stepping ~*~*~tactically~*~*~ (stealth).
  7189 | D:8      | Noticed Pikel
  7190 | D:8      | 7190 ||| Stepping ~*~*~tactically~*~*~ (stealth).
  7192 | D:8      | 7192 ||| STAIRDANCE
  7201 | D:7      | 7201 ||| UPGRADING to amulet of Surprise {Acrobat Rampage
                  | Will+ Dex+4}.
  7211 | D:7      | 7211 ||| DROPPING amulet of the acrobat.
  7212 | D:7      | 7212 ||| READING 4 scrolls of identify.
  7212 | D:7      | 7212 ||| IDENTIFYING smoky sapphire potion
  7215 | D:8      | 7215 ||| STAIRDANCE
  7225 | D:8      | 7225 ||| STAIRDANCE
  7229 | D:7      | Killed Pikel
  7229 | D:7      | Reached *** piety under Okawaru
  7230 | D:7      | Reached skill level 10 in Axes
  7245 | D:8      | 7245 ||| INVOKING Heroism.
  7270 | D:8      | Found Itethenim's Antique Weapon Boutique.
  7283 | D:8      | Found a blossoming altar of Fedhas.
  7350 | D:8      | 7350 ||| INVOKING Heroism.
  7500 | D:8      | Noticed a boulder beetle
  7501 | D:8      | 7501 ||| Stepping ~*~*~tactically~*~*~ (stealth).
  7502 | D:8      | 7502 ||| INVOKING Heroism.
  7505 | D:8      | Noticed Maggie
  7515 | D:8      | Killed Maggie
  7516 | D:8      | Reached skill level 3 in Dodging
  7520 | D:8      | Reached **** piety under Okawaru
  7534 | D:8      | Killed a boulder beetle
  7534 | D:8      | Received a gift from Okawaru
  7565 | D:8      | 7565 ||| DROPPING +4 flail of protection.
  7570 | D:8      | 7570 ||| Stepping ~*~*~tactically~*~*~ (stealth).
  7585 | D:8      | 7585 ||| Stepping ~*~*~tactically~*~*~ (stealth).
  7587 | D:8      | 7587 ||| INVOKING Heroism.
  7591 | D:8      | 7591 ||| Stepping ~*~*~tactically~*~*~ (stealth).
  7605 | D:8      | Noticed a two-headed ogre
  7611 | D:8      | Killed a two-headed ogre
  7612 | D:8      | Reached skill level 6 in Invocations
  7612 | D:8      | Reached XP level 11. HP: 68/68 MP: 13/15
  7615 | D:8      | 7615 ||| INVOKING Heroism.
  7654 | D:8      | 7654 ||| INVOKING Heroism.
  7667 | D:8      | 7667 ||| Stepping ~*~*~tactically~*~*~ (stealth).
  7895 | D:8      | 7895 ||| READING 3 scrolls of identify.
  7895 | D:8      | 7895 ||| IDENTIFYING pink potion
  7896 | D:8      | 7896 ||| DROPPING potion of invisibility.
  7948 | D:9      | 7948 ||| INVOKING Heroism.
  7996 | D:9      | 7996 ||| Stepping ~*~*~tactically~*~*~ (hiding).
  7997 | D:9      | Found a staircase to the Lair.
  7998 | D:9      | 7998 ||| INVOKING Heroism.
  8003 | D:9      | Noticed Maurice
  8012 | D:9      | Reached skill level 11 in Axes
  8022 | D:9      | Killed Maurice
  8104 | D:9      | Noticed Erica
  8104 | D:9      | Noticed Harold
  8105 | D:9      | 8105 ||| INVOKING Heroism.
  8110 | D:9      | Killed Erica
  8110 | D:9      | Reached ***** piety under Okawaru
  8122 | D:9      | Killed Harold
  8123 | D:9      | Reached skill level 9 in Fighting
  8168 | D:9      | 8168 ||| Stepping ~*~*~tactically~*~*~ (stealth).
  8170 | D:9      | 8170 ||| Stepping ~*~*~tactically~*~*~ (stealth).
  8172 | D:9      | 8172 ||| Stepping ~*~*~tactically~*~*~ (stealth).
  8175 | D:9      | 8175 ||| INVOKING Heroism.
  8226 | D:9      | Identified the +1 buckler "Qasol" {Harm *Corrode MP+9}
                  | (Okawaru gifted it to you on level 9 of the Dungeon)
  8226 | D:9      | Received a gift from Okawaru
  8237 | D:9      | Noticed a death knight
  8240 | D:9      | 8240 ||| Stepping ~*~*~tactically~*~*~ (hiding).
  8249 | D:9      | 8249 ||| INVOKING Heroism.
  8249 | D:9      | HP: 15/71 [death knight/+0 broad axe (11)]
  8250 | D:9      | 8250 ||| DRINKING 6 potions of heal wounds.
  8254 | D:9      | HP: 17/71 [mirror damage (2)]
  8255 | D:9      | 8255 ||| DRINKING 5 potions of heal wounds.
  8260 | D:9      | Killed a death knight
  8272 | D:9      | 8272 ||| FLEEEEING.
  8273 | D:9      | 8273 ||| INVOKING Heroism.
  8299 | D:9      | 8299 ||| SWAPPING to +0 broad axe.
  8300 | D:9      | 8300 ||| DROPPING +0 war axe.
  8337 | D:9      | 8337 ||| INVOKING Heroism.
  8347 | D:9      | Reached skill level 9 in Invocations
  8377 | D:9      | Found a staircase to the Orcish Mines.
  8380 | D:9      | 8380 ||| Stepping ~*~*~tactically~*~*~ (stealth).
  8381 | D:9      | 8381 ||| Stepping ~*~*~tactically~*~*~ (stealth).
  8386 | D:9      | 8386 ||| INVOKING Heroism.
  8564 | D:9      | Noticed a centaur warrior
  8576 | D:9      | Killed a centaur warrior
  8577 | D:9      | Reached XP level 12. HP: 63/76 MP: 17/19
  8626 | D:9      | Noticed Psyche
  8627 | D:9      | 8627 ||| INVOKING Heroism.
  8646 | D:9      | Killed Psyche
  8717 | D:9      | 8717 ||| INVOKING Heroism.
  8723 | D:9      | 8723 ||| DRINKING potion of curing.
  8723 | D:9      | 8723 ||| (to cure confusion)
  8853 | D:9      | 8853 ||| PLANNING LAIR
  8853 | D:9      | 8853 ||| DROPPING orb of wrath.
  8854 | D:9      | 8854 ||| UPGRADING to +1 cloak of willpower.
  8864 | D:9      | 8864 ||| DROPPING +1 cloak of stealth.
  8865 | D:9      | 8865 ||| UPGRADING to +0 helmet.
  8870 | D:9      | 8870 ||| UPGRADING to +3 chain mail of cold resistance.
  8880 | D:9      | 8880 ||| DROPPING +0 plate armour.
  8881 | D:9      | 8881 ||| DROPPING +1 buckler "Qasol" {Harm *Corrode MP+9}.
  8910 | Lair:1   | Entered Level 1 of the Lair of Beasts
  8953 | Lair:1   | 8953 ||| INVOKING Heroism.
  9018 | Lair:1   | 9018 ||| INVOKING Heroism.
  9039 | Lair:1   | Identified the +0 ring mail "Petuo" {Harm Rampage rF+ MP+9
                  | Int-3}
  9125 | Lair:1   | 9125 ||| INVOKING Heroism.
  9252 | Lair:1   | Reached skill level 12 in Axes
  9317 | Lair:1   | 9317 ||| INVOKING Heroism.
  9334 | Lair:1   | Reached skill level 6 in Shields
  9367 | Lair:1   | 9367 ||| Stepping ~*~*~tactically~*~*~ (hiding).
  9368 | Lair:1   | 9368 ||| Stepping ~*~*~tactically~*~*~ (hiding).
  9390 | Lair:1   | Identified the +0 ring mail of the Cockroach {rElec rC++
                  | Will+}
  9562 | Lair:1   | 9562 ||| INVOKING Heroism.
  9764 | Lair:1   | 9764 ||| UPGRADING to ring of protection from cold.
  9765 | Lair:1   | 9765 ||| READING 4 scrolls of identify.
  9765 | Lair:1   | 9765 ||| IDENTIFYING puce potion
  9766 | Lair:1   | 9766 ||| DROPPING potion of berserk rage.
  9793 | Lair:2   | Noticed a boulder beetle
  9794 | Lair:2   | 9794 ||| INVOKING Heroism.
  9795 | Lair:2   | 9795 ||| INVOKING Finesse.
  9798 | Lair:2   | 9798 ||| STAIRDANCE
  9816 | Lair:1   | Killed a boulder beetle
  9846 | Lair:2   | 9846 ||| INVOKING Heroism.
  9846 | Lair:2   | HP: 6/76 [komodo dragon (22)]
  9847 | Lair:2   | 9847 ||| READING scroll of teleportation.
  9848 | Lair:2   | 9848 ||| DRINKING 6 potions of heal wounds.
  9849 | Lair:2   | 9849 ||| STAIRDANCE
  9905 | Lair:1   | 9905 ||| INVOKING Heroism.
  9916 | Lair:1   | 9916 ||| Stepping ~*~*~tactically~*~*~ (stealth).
 10033 | Lair:2   | 10033 ||| INVOKING Heroism.
 10126 | Lair:2   | 10126 ||| Stepping ~*~*~tactically~*~*~ (stealth).
 10129 | Lair:2   | 10129 ||| Stepping ~*~*~tactically~*~*~ (stealth).
 10131 | Lair:2   | 10131 ||| INVOKING Heroism.
 10133 | Lair:2   | 10133 ||| Stepping ~*~*~tactically~*~*~ (stealth).
 10215 | Lair:2   | Noticed a boulder beetle
 10216 | Lair:2   | 10216 ||| INVOKING Heroism.
 10217 | Lair:2   | 10217 ||| INVOKING Finesse.
 10227 | Lair:2   | Killed a boulder beetle
 10266 | Lair:2   | 10266 ||| INVOKING Heroism.
 10327 | Lair:2   | Found a hole to the Spider Nest.
 10333 | Lair:2   | 10333 ||| DRINKING potion of curing.
 10333 | Lair:2   | 10333 ||| (to cure confusion)
 10345 | Lair:2   | Reached skill level 13 in Axes
 10616 | Lair:2   | 10616 ||| DROPPING orb of guile.
 10647 | Lair:3   | 10647 ||| STAIRDANCE
 10670 | Lair:3   | Found a staircase to the Swamp.
 10674 | Lair:3   | 10674 ||| INVOKING Heroism.
 10741 | Lair:3   | Found a blossoming altar of Fedhas.
 10780 | Lair:3   | Noticed a five-headed hydra
 10781 | Lair:3   | 10781 ||| INVOKING Heroism.
 10782 | Lair:3   | 10782 ||| INVOKING Finesse.
 10783 | Lair:3   | 10783 ||| SWAPPING to +2 morningstar of pain.
 10792 | Lair:3   | Killed a five-headed hydra
 10793 | Lair:3   | Reached XP level 13. HP: 82/82 MP: 13/20
 10793 | Lair:3   | 10793 ||| SWAPPING to +0 broad axe.
 10873 | Lair:3   | 10873 ||| Stepping ~*~*~tactically~*~*~ (stealth).
 10875 | Lair:3   | 10875 ||| INVOKING Heroism.
 10913 | Lair:3   | 10913 ||| INVOKING Heroism.
 10914 | Lair:3   | 10914 ||| INVOKING Finesse.
 10915 | Lair:3   | 10915 ||| SWAPPING to +2 morningstar of pain.
 10923 | Lair:3   | Reached skill level 14 in Axes
 10923 | Lair:3   | 10923 ||| SWAPPING to +0 broad axe.
 11173 | Lair:3   | 11173 ||| INVOKING Heroism.
 11268 | Lair:3   | Received a gift from Okawaru
 11278 | Lair:3   | 11278 ||| DROPPING +1 broad axe of distortion.
 11622 | Lair:4   | 11622 ||| INVOKING Heroism.
 11659 | Lair:4   | 11659 ||| Stepping ~*~*~tactically~*~*~ (stealth).
 11661 | Lair:4   | 11661 ||| Stepping ~*~*~tactically~*~*~ (hiding).
 11801 | Lair:4   | Noticed Kirke
 11802 | Lair:4   | 11802 ||| INVOKING Heroism.
 11803 | Lair:4   | 11803 ||| INVOKING Finesse.
 11823 | Lair:4   | Killed Kirke
 11824 | Lair:4   | Reached skill level 9 in Armour
 11880 | Lair:4   | 11880 ||| INVOKING Heroism.
 11882 | Lair:4   | 11882 ||| Stepping ~*~*~tactically~*~*~ (stealth).
 11907 | Lair:4   | 11907 ||| INVOKING Finesse.
 11914 | Lair:4   | 11914 ||| Stepping ~*~*~tactically~*~*~ (hiding).
 11937 | Lair:4   | 11937 ||| INVOKING Heroism.
 12155 | Lair:4   | 12155 ||| Stepping ~*~*~tactically~*~*~ (stealth).
 12405 | Lair:5   | Entered Level 5 of the Lair of Beasts
 12406 | Lair:5   | 12406 ||| INVOKING Heroism.
 12408 | Lair:5   | 12408 ||| STAIRDANCE
 12421 | Lair:5   | 12421 ||| STAIRDANCE
 12459 | Lair:5   | 12459 ||| INVOKING Heroism.
 12521 | Lair:5   | 12521 ||| INVOKING Heroism.
 12522 | Lair:5   | 12522 ||| INVOKING Finesse.
 12535 | Lair:5   | Identified the +5 battleaxe of Noul {vorpal, rF++} (Okawaru
                  | gifted it to you on level 5 of the Lair of Beasts)
 12535 | Lair:5   | Received a gift from Okawaru
 12569 | Lair:5   | 12569 ||| Stepping ~*~*~tactically~*~*~ (stealth).
 12577 | Lair:5   | 12577 ||| INVOKING Heroism.
 12629 | Lair:5   | 12629 ||| Stepping ~*~*~tactically~*~*~ (stealth).
 12630 | Lair:5   | 12630 ||| Stepping ~*~*~tactically~*~*~ (stealth).
 12631 | Lair:5   | 12631 ||| INVOKING Heroism.
 12676 | Lair:5   | 12676 ||| INVOKING Heroism.
 12690 | Lair:5   | 12690 ||| Stepping ~*~*~tactically~*~*~ (stealth).
 12710 | Lair:5   | Reached skill level 15 in Axes
 12716 | Lair:5   | 12716 ||| INVOKING Heroism.
 12775 | Lair:5   | 12775 ||| INVOKING Heroism.
 12829 | Lair:5   | Gained mutation: Your large and strong wings let you fly.
                  | [Gargoyle growth]
 12829 | Lair:5   | Reached XP level 14. HP: 64/90 MP: 21/21
 12839 | Lair:5   | Received a gift from Okawaru
 12843 | Lair:5   | 12843 ||| Stepping ~*~*~tactically~*~*~ (stealth).
 12874 | Lair:5   | 12874 ||| Stepping ~*~*~tactically~*~*~ (stealth).
 12882 | Lair:5   | 12882 ||| INVOKING Heroism.
 12942 | Lair:5   | 12942 ||| DROPPING +2 morningstar of pain.
 13012 | Lair:5   | 13012 ||| INVOKING Heroism.
 13052 | Lair:5   | 13052 ||| Stepping ~*~*~tactically~*~*~ (hiding).
 13067 | Lair:5   | Reached skill level 12 in Fighting
 13068 | Lair:5   | 13068 ||| Stepping ~*~*~tactically~*~*~ (stealth).
 13070 | Lair:5   | 13070 ||| Stepping ~*~*~tactically~*~*~ (stealth).
 13073 | Lair:5   | 13073 ||| Stepping ~*~*~tactically~*~*~ (stealth).
 13087 | Lair:5   | 13087 ||| INVOKING Heroism.
 13102 | Lair:5   | 13102 ||| Stepping ~*~*~tactically~*~*~ (stealth).
 13106 | Lair:5   | 13106 ||| Stepping ~*~*~tactically~*~*~ (hiding).
 13109 | Lair:5   | 13109 ||| SWAPPING to +2 war axe of flaming.
 13113 | Lair:5   | 13113 ||| SWAPPING to +0 broad axe.
 13145 | Lair:5   | 13145 ||| INVOKING Heroism.
 13171 | Lair:5   | 13171 ||| Stepping ~*~*~tactically~*~*~ (stealth).
 13173 | Lair:5   | 13173 ||| Stepping ~*~*~tactically~*~*~ (stealth).
 13175 | Lair:5   | 13175 ||| Stepping ~*~*~tactically~*~*~ (stealth).
 13188 | Lair:5   | 13188 ||| INVOKING Heroism.
 13248 | Lair:5   | 13248 ||| Stepping ~*~*~tactically~*~*~ (stealth).
 13254 | Lair:5   | 13254 ||| Stepping ~*~*~tactically~*~*~ (hiding).
 13300 | Lair:5   | 13300 ||| Stepping ~*~*~tactically~*~*~ (hiding).
 13319 | Lair:5   | 13319 ||| Stepping ~*~*~tactically~*~*~ (stealth).
 13338 | Lair:5   | 13338 ||| INVOKING Heroism.
 13490 | Lair:5   | Found a staircase to the Slime Pits.
 13606 | Lair:5   | 13606 ||| Stepping ~*~*~tactically~*~*~ (stealth).
 13620 | Lair:5   | 13620 ||| INVOKING Heroism.
 13817 | Lair:5   | Reached skill level 16 in Axes
 13906 | Lair:5   | 13906 ||| INVOKING Heroism.
 13923 | Lair:5   | 13923 ||| FLEEEEING.
 13924 | Lair:5   | 13924 ||| FLEEEEING.
 13937 | Lair:5   | 13937 ||| FLEEEEING.
 13979 | Lair:5   | 13979 ||| Stepping ~*~*~tactically~*~*~ (hiding).
 13981 | Lair:5   | 13981 ||| Stepping ~*~*~tactically~*~*~ (stealth).
 13995 | Lair:5   | 13995 ||| Stepping ~*~*~tactically~*~*~ (stealth).
 13996 | Lair:5   | 13996 ||| Stepping ~*~*~tactically~*~*~ (stealth).
 13997 | Lair:5   | 13997 ||| Stepping ~*~*~tactically~*~*~ (stealth).
 14050 | Lair:5   | 14050 ||| INVOKING Heroism.
 14051 | Lair:5   | 14051 ||| INVOKING Finesse.
 14143 | Lair:5   | 14143 ||| PLANNING D:1-11
 14143 | Lair:5   | 14143 ||| UPGRADING to +1 helmet of see invisible.
 14153 | Lair:5   | 14153 ||| DROPPING +0 helmet.
 14154 | Lair:5   | 14154 ||| READING scroll labelled NEEDUL JIAGUM.
 14333 | D:10     | Entered Level 10 of the Dungeon
 14337 | D:10     | 14337 ||| FLEEEEING.
 14338 | D:10     | 14338 ||| FLEEEEING.
 14339 | D:10     | 14339 ||| STAIRDANCE
 14444 | D:10     | 14444 ||| STAIRDANCE
 14457 | D:10     | 14457 ||| STAIRDANCE
 14528 | D:10     | 14528 ||| Stepping ~*~*~tactically~*~*~ (stealth).
 14534 | D:10     | 14534 ||| Stepping ~*~*~tactically~*~*~ (stealth).
 14535 | D:10     | 14535 ||| Stepping ~*~*~tactically~*~*~ (stealth).
 14606 | D:10     | Found a large runed translucent door.
 14606 | D:10     | Found a large runed translucent door.
 14615 | D:10     | Found a large runed translucent door.
 14637 | D:10     | Found a large runed translucent door.
 14641 | D:10     | Identified the +7 falchion "Esong" {vorpal, Will+ Str+2
                  | Int+4}
 14735 | D:10     | 14735 ||| Stepping ~*~*~tactically~*~*~ (stealth).
 14739 | D:10     | 14739 ||| INVOKING Heroism.
 14855 | D:10     | 14855 ||| Stepping ~*~*~tactically~*~*~ (hiding).
 14857 | D:10     | Received a gift from Okawaru
 14863 | D:10     | 14863 ||| INVOKING Heroism.
 14967 | D:10     | You are sucked into a shaft and drop 3 floors!
 15048 | D:13     | 15048 ||| INVOKING Heroism.
 15049 | D:13     | 15049 ||| INVOKING Finesse.
 15050 | D:13     | 15050 ||| INVOKING Finesse.
 15053 | D:13     | Reached skill level 3 in Throwing
 15128 | D:13     | 15128 ||| Stepping ~*~*~tactically~*~*~ (hiding).
 15241 | D:13     | 15241 ||| READING scroll of enchant weapon.
 15241 | D:13     | 15241 ||| ENCHANTING +1 broad axe.
 15273 | D:13     | Found Wenluvy's Armour Shop.
 15276 | D:13     | 15276 ||| UPGRADING to +0 kite shield.
 15286 | D:13     | 15286 ||| DROPPING +0 buckler.
 15295 | D:12     | Found a shimmering altar of Xom.
 15296 | D:12     | 15296 ||| INVOKING Heroism.
 15340 | D:12     | 15340 ||| READING scroll of acquirement.
 15340 | D:12     | 15340 ||| ACQUIRING 851 gold pieces
 15340 | D:12     | Acquired 851 gold pieces
 15349 | D:12     | 15349 ||| Stepping ~*~*~tactically~*~*~ (stealth).
 15352 | D:12     | 15352 ||| Stepping ~*~*~tactically~*~*~ (stealth).
 15354 | D:12     | 15354 ||| INVOKING Heroism.
 15359 | D:12     | 15359 ||| READING 3 scrolls of teleportation.
 15390 | D:12     | Reached skill level 9 in Shields
 15417 | D:10     | Found the +7 sceptre of Torment {pain, torment}
 15438 | D:10     | 15438 ||| Stepping ~*~*~tactically~*~*~ (hiding).
 15441 | D:10     | 15441 ||| Stepping ~*~*~tactically~*~*~ (hiding).
 15450 | D:10     | 15450 ||| Stepping ~*~*~tactically~*~*~ (stealth).
 15461 | D:10     | 15461 ||| Stepping ~*~*~tactically~*~*~ (stealth).
 15463 | D:10     | 15463 ||| Stepping ~*~*~tactically~*~*~ (stealth).
 15638 | D:11     | 15638 ||| Stepping ~*~*~tactically~*~*~ (stealth).
 15641 | D:11     | 15641 ||| Stepping ~*~*~tactically~*~*~ (stealth).
 15643 | D:11     | 15643 ||| Stepping ~*~*~tactically~*~*~ (stealth).
 15648 | D:11     | 15648 ||| Stepping ~*~*~tactically~*~*~ (stealth).
 15651 | D:11     | 15651 ||| INVOKING Heroism.
 15740 | D:11     | 15740 ||| INVOKING Heroism.
 15741 | D:11     | 15741 ||| INVOKING Finesse.
 15752 | D:11     | Reached XP level 15. HP: 96/96 MP: 15/22
 15833 | D:11     | Found Jeisehir's Jewellery Shoppe.
 15841 | D:11     | 15841 ||| BUYING +6 ring of dexterity (468 gold).
 15841 | D:11     | Bought a +6 ring of dexterity for 468 gold pieces
 15841 | D:11     | 15841 ||| BUYING +6 ring of strength (468 gold).
 15841 | D:11     | Bought a +6 ring of strength for 468 gold pieces
 15841 | D:11     | 15841 ||| BUYING amulet of reflection (390 gold).
 15841 | D:11     | Bought an amulet of reflection for 390 gold pieces
 15841 | D:11     | 15841 ||| SHOPLISTING ring of False Pretenses {Wiz rPois
                  | SInv} (590 gold, have 390).
 15841 | D:11     | 15841 ||| BUYING ring of protection from fire (325 gold).
 15841 | D:11     | Bought a ring of protection from fire for 325 gold pieces
 15841 | D:11     | 15841 ||| SHOPLISTING ring of see invisible (195 gold, have
                  | 65).
 15880 | D:11     | 15880 ||| FLEEEEING.
 15881 | D:11     | 15881 ||| FLEEEEING.
 15882 | D:11     | 15882 ||| FLEEEEING.
 15883 | D:11     | 15883 ||| FLEEEEING.
 15884 | D:11     | 15884 ||| FLEEEEING.
 15885 | D:11     | 15885 ||| FLEEEEING.
 15886 | D:11     | 15886 ||| FLEEEEING.
 15887 | D:11     | 15887 ||| FLEEEEING.
 16030 | D:11     | 16030 ||| Stepping ~*~*~tactically~*~*~ (stealth).
 16134 | D:11     | 16134 ||| READING scroll of enchant weapon.
 16134 | D:11     | 16134 ||| ENCHANTING +2 broad axe.
 16345 | D:11     | 16345 ||| PLANNING D
 16345 | D:11     | 16345 ||| UPGRADING to +6 ring of dexterity.
 16347 | D:11     | 16347 ||| UPGRADING to +6 ring of strength.
 16349 | D:11     | 16349 ||| DROPPING +6 ring of dexterity.
 16350 | D:11     | 16350 ||| UPGRADING to ring of protection from fire.
 16385 | D:12     | 16385 ||| Stepping ~*~*~tactically~*~*~ (stealth).
 16400 | D:12     | 16400 ||| Stepping ~*~*~tactically~*~*~ (stealth).
 16407 | D:12     | 16407 ||| INVOKING Heroism.
 16480 | D:12     | 16480 ||| Stepping ~*~*~tactically~*~*~ (stealth).
 16482 | D:12     | 16482 ||| Stepping ~*~*~tactically~*~*~ (hiding).
 16490 | D:12     | 16490 ||| Stepping ~*~*~tactically~*~*~ (hiding).
 16576 | D:12     | 16576 ||| Stepping ~*~*~tactically~*~*~ (hiding).
 16578 | D:12     | 16578 ||| Stepping ~*~*~tactically~*~*~ (hiding).
 16579 | D:12     | 16579 ||| Stepping ~*~*~tactically~*~*~ (hiding).
 16580 | D:12     | 16580 ||| INVOKING Heroism.
 16587 | D:12     | 16587 ||| Stepping ~*~*~tactically~*~*~ (hiding).
 16588 | D:12     | 16588 ||| Stepping ~*~*~tactically~*~*~ (hiding).
 16597 | D:12     | 16597 ||| SWAPPING to +2 war axe of flaming.
 16601 | D:12     | Identified the +4 chain mail "Ufoos" {+Blink} (Okawaru
                  | gifted it to you on level 12 of the Dungeon)
 16601 | D:12     | Received a gift from Okawaru
 16605 | D:12     | 16605 ||| SWAPPING to +3 broad axe.
 16648 | D:12     | 16648 ||| Stepping ~*~*~tactically~*~*~ (stealth).
 16649 | D:12     | 16649 ||| Stepping ~*~*~tactically~*~*~ (stealth).
 16650 | D:12     | 16650 ||| Stepping ~*~*~tactically~*~*~ (stealth).
 16664 | D:12     | 16664 ||| INVOKING Heroism.
 16697 | D:12     | Identified the ring of Heor {Ice rN++ Will-}
 16703 | D:12     | 16703 ||| Stepping ~*~*~tactically~*~*~ (stealth).
 16704 | D:12     | 16704 ||| Stepping ~*~*~tactically~*~*~ (stealth).
 16857 | D:12     | 16857 ||| Stepping ~*~*~tactically~*~*~ (stealth).
 17206 | D:12     | 17206 ||| DROPPING +4 chain mail "Ufoos" {+Blink}.
 17383 | D:13     | 17383 ||| Stepping ~*~*~tactically~*~*~ (hiding).
 17384 | D:13     | 17384 ||| Stepping ~*~*~tactically~*~*~ (hiding).
 17388 | D:13     | 17388 ||| INVOKING Heroism.
 17391 | D:13     | 17391 ||| STAIRDANCE
 17765 | D:13     | 17765 ||| INVOKING Heroism.
 17785 | D:13     | Identified the +1 pair of boots of Patterns {Dex+3 Slay+2
                  | Stlth+}
 17796 | D:13     | 17796 ||| INVOKING Heroism.
 17820 | D:13     | 17820 ||| INVOKING Heroism.
 17844 | D:13     | Found a gate to the Vaults.
 17845 | D:13     | 17845 ||| INVOKING Heroism.
 17854 | D:13     | Reached skill level 12 in Shields
 17910 | D:13     | 17910 ||| UPGRADING to +1 pair of boots of Patterns {Dex+3
                  | Slay+2 Stlth+}.
 18026 | D:14     | 18026 ||| INVOKING Heroism.
 18056 | D:14     | Found an ancient bone altar of Kikubaaqudgha.
 18148 | D:14     | 18148 ||| Stepping ~*~*~tactically~*~*~ (stealth).
 18149 | D:14     | 18149 ||| Stepping ~*~*~tactically~*~*~ (stealth).
 18150 | D:14     | 18150 ||| Stepping ~*~*~tactically~*~*~ (stealth).
 18151 | D:14     | 18151 ||| Stepping ~*~*~tactically~*~*~ (stealth).
 18153 | D:14     | 18153 ||| Stepping ~*~*~tactically~*~*~ (stealth).
 18211 | D:14     | 18211 ||| INVOKING Heroism.
 18212 | D:14     | 18212 ||| Stepping ~*~*~tactically~*~*~ (stealth).
 18283 | D:14     | 18283 ||| Stepping ~*~*~tactically~*~*~ (stealth).
 18346 | D:14     | Reached skill level 6 in Throwing
 18355 | D:14     | 18355 ||| INVOKING Heroism.
 18596 | D:14     | 18596 ||| INVOKING Heroism.
 18922 | D:15     | Entered Level 15 of the Dungeon
 18945 | D:15     | 18945 ||| Stepping ~*~*~tactically~*~*~ (stealth).
 18947 | D:15     | 18947 ||| INVOKING Heroism.
 18950 | D:15     | Identified the +1 pair of gloves of Peusot {rF+ Will+
                  | Dex+3} (Okawaru gifted it to you on level 15 of the
                  | Dungeon)
 18950 | D:15     | Received a gift from Okawaru
 19000 | D:15     | Found Duniruin's Gadget Gallery.
 19006 | D:15     | 19006 ||| Stepping ~*~*~tactically~*~*~ (hiding).
 19007 | D:15     | 19007 ||| Stepping ~*~*~tactically~*~*~ (hiding).
 19009 | D:15     | 19009 ||| Stepping ~*~*~tactically~*~*~ (hiding).
 19011 | D:15     | 19011 ||| Stepping ~*~*~tactically~*~*~ (hiding).
 19012 | D:15     | 19012 ||| Stepping ~*~*~tactically~*~*~ (hiding).
 19050 | D:15     | 19050 ||| Stepping ~*~*~tactically~*~*~ (stealth).
 19112 | D:15     | 19112 ||| INVOKING Heroism.
 19174 | D:15     | Found a staircase to the Depths.
 19191 | D:15     | 19191 ||| FLEEEEING.
 19291 | D:15     | 19291 ||| INVOKING Heroism.
 19306 | D:15     | Reached XP level 16. HP: 81/101 MP: 23/23
 19334 | D:15     | 19334 ||| Stepping ~*~*~tactically~*~*~ (stealth).
 19336 | D:15     | 19336 ||| Stepping ~*~*~tactically~*~*~ (hiding).
 19342 | D:15     | 19342 ||| INVOKING Heroism.
 19343 | D:15     | 19343 ||| Stepping ~*~*~tactically~*~*~ (stealth).
 19396 | D:15     | 19396 ||| Stepping ~*~*~tactically~*~*~ (stealth).
 19398 | D:15     | 19398 ||| Stepping ~*~*~tactically~*~*~ (stealth).
 19402 | D:15     | 19402 ||| Stepping ~*~*~tactically~*~*~ (hiding).
 19404 | D:15     | 19404 ||| INVOKING Heroism.
 19408 | D:15     | 19408 ||| Stepping ~*~*~tactically~*~*~ (hiding).
 19848 | D:15     | 19848 ||| INVOKING Heroism.
 19858 | D:15     | Reached skill level 17 in Axes
 20051 | D:15     | 20051 ||| PLANNING ORC
 20051 | D:15     | 20051 ||| UPGRADING to +1 pair of gloves of Peusot {rF+
                  | Will+ Dex+3}.
 20061 | D:15     | 20061 ||| DROPPING +0 pair of gloves.
 20062 | D:15     | 20062 ||| UPGRADING to +6 ring of dexterity.
 20171 | Orc:1    | Entered Level 1 of the Orcish Mines
 20192 | Orc:1    | Found Faickiod's Antique Weapon Boutique.
 20275 | Orc:2    | Entered Level 2 of the Orcish Mines
 20277 | Orc:2    | 20277 ||| INVOKING Heroism.
 20372 | Orc:2    | 20372 ||| INVOKING Heroism.
 20452 | Orc:2    | Found a staircase to the Elven Halls.
 20458 | Orc:2    | 20458 ||| INVOKING Heroism.
 20497 | Orc:2    | 20497 ||| Stepping ~*~*~tactically~*~*~ (hiding).
 20502 | Orc:2    | 20502 ||| Stepping ~*~*~tactically~*~*~ (hiding).
 20523 | Orc:2    | 20523 ||| INVOKING Heroism.
 20527 | Orc:2    | Reached skill level 6 in Dodging
 20527 | Orc:2    | 20527 ||| Stepping ~*~*~tactically~*~*~ (hiding).
 20528 | Orc:2    | HP: 22/103 [orc knight/+2 vorpal battleaxe (5)]
 20529 | Orc:2    | 20529 ||| READING 2 scrolls of teleportation.
 20530 | Orc:2    | 20530 ||| DRINKING 9 potions of heal wounds.
 20539 | Orc:2    | HP: 24/103 [smoke demon/divine providence[an orc high
                  | priest] (13)]
 20540 | Orc:2    | 20540 ||| READING scroll of teleportation.
 20540 | Orc:2    | HP: 5/103 [orc high priest/divine providence (9)]
 20540 | Orc:2    | Killed from afar by a smoke demon

Levels and vault maps discovered:
D:1:      minmay_arrival_three_doors, layout_basic, basic_ecumenical_altar,
          st_stairs_2, hex_intersection, nicolae_titane
D:2:      layout_basic, minmay_quadrilaterals
D:3:      layout_rooms, nicolae_dithmenos_through_a_glass_darkly,
          gammafunk_ghost_mausoleum
D:4:      layout_loops_ring, nicolae_overflow_hidden_temple,
          general_overflow_altar, uniq_crazy_yiuf_cottage, uniq_edmund
D:5:      layout_basic, minmay_temple_entry_sparse_star, serial_demonic,
          serial_demonic_d, serial_demonic_g, serial_demonic_a,
          serial_demonic_f, abandoned_shop, guppyfry_early_orc_mine
D:6:      layout_gridville, lemuel_coloured_pillars_altar, tgw_sif,
          serial_shops, nicolae_shop_hallway_plus, serial_co_window_serial,
          co_window_paths_a, co_window_corner_a, co_window_paths_b,
          co_window_paths_a, co_window_corner_a, co_window_2corner,
          co_window_of_opportunity_b, co_window_corner_ca, co_window_broadway_c,
          co_window_unsneaky_path_d, co_window_4corner_a, glass_columns_a,
          dk_noncrumbling_3
D:7:      layout_basic, minmay_ruined_shrine
D:8:      layout_loops_ring, mainiacjoe_overflow_cross_hatched,
          mainiacjoe_overflow_catwalk, serial_shops,
          nicolae_shop_overgrown_old_shop, nzn_random_ring, uniq_pikel,
          uniq_joseph, uniq_maggie
D:9:      layout_roguey, erik_lair_orcish_takeover, zombieorc2_lemuel,
          minmay_checkerbox, uniq_harold, uniq_maurice, uniq_psyche, uniq_erica
D:10:     layout_basic, minmay_hollow_rounded_squares
D:11:     layout_irregular_city, serial_shops,
          nicolae_shop_competitors_out_of_business, minmay_liquid_box
D:12:     minmay_the_grid_four_pointed_star_mashed
          [minmay_the_grid_triangle_9x9_alien,
          minmay_the_grid_triangle_9x9_zippers_horizontal,
          minmay_the_grid_triangle_9x9_from_above,
          minmay_the_grid_triangle_9x9_zippers_vertical,
          minmay_the_grid_prize_trominoes], layout_basic, xom_confusion_cloud
D:13:     layout_irregular_city, grunt_vaults_entry_tiered, serial_shops,
          nicolae_stop_n_shop_1
D:14:     layout_stronghold, kiku_gazebo_pond_becter
D:15:     gammafunk_depths_entry_grave, layout_loops_corners,
          minmay_misc_feat_x, drop_trap, nicolae_shop_gadgets
Temple:   hc_temple_tempest_star
Lair:1:   layout_regular_city, enter_volcano_3, chequers_serial_rivers_small_3,
          lemuel_fruit_tree
Lair:2:   layout_gridlike, spider_nest_entry_rubble
Lair:3:   layout_loops_ring, minmay_swamp_entry_wisps, basic_altar
Lair:4:   layout_long_grid, uniq_kirke
Lair:5:   hangedman_lair_caniforms_friends, layout_long_grid,
          guppyfry_lair_end_dragon, dpeg_slime_entry_corner, grunt_megastairs_4
Orc:1:    layout_caves, serial_shops, shop_fountains
Orc:2:    st_orc_pillars, layout_caves, basic_altar, bloody_makhleb

Skill      XL: |  1  2  3  4  5  6  7  8  9 10 11 12 13 14 15 16 |
---------------+-------------------------------------------------+-----
Axes           | 2 3 4 5 7 8 9 10 11 13 15 16 17 | 17.0
Dodging        | 2 3 4 5 6 |  6.0
Fighting       | 4 6 7 8 9 10 11 12 | 12.7
Throwing       | 1 4 7 |  7.0
Armour         | 4 5 7 8 9 10 | 10.1
Invocations    | 2 4 6 9 10 | 10.0
Shields        | 4 5 6 7 9 13 | 13.0

Action                   |  1- 3 |  4- 6 |  7- 9 | 10-12 | 13-15 | 16-18 || total
-------------------------+-------+-------+-------+-------+-------+-------++-------
Melee: War axe           |    83 |   107 |       |       |    10 |       ||   200
       Hand axe          |       |    43 |   218 |   201 |       |       ||   462
       Kick              |       |    11 |    53 |   194 |   402 |       ||   660
       Broad axe         |       |       |       |   295 |  1171 |   189 ||  1655
       Morningstar       |       |       |       |     8 |     6 |       ||    14
Throw: Boomerang         |       |       |    28 |    28 |     4 |     3 ||    63
       Javelin           |       |       |       |       |    72 |    12 ||    84
Invok: Heroism           |       |       |     9 |    30 |    46 |     7 ||    92
       Finesse           |       |       |       |     3 |     7 |       ||    10
  Use: Scroll            |     5 |     7 |     7 |     4 |     5 |     2 ||    30
       Potion            |       |     2 |     3 |     5 |       |     1 ||    11
 Stab: Confused          |       |       |       |       |     2 |       ||     2
Armor: Scale mail        |    43 |    78 |    36 |       |       |       ||   157
       Chain mail        |       |       |    40 |    64 |   504 |    27 ||   635
       Plate armour      |       |       |     5 |    99 |       |       ||   104
       Skin              |       |       |       |    11 |       |       ||    11
Dodge: Dodged            |    50 |    73 |    83 |   163 |   533 |    45 ||   947
Block: Buckler           |    15 |    20 |    38 |   106 |   208 |       ||   387
       Kite shield       |       |       |       |       |   298 |    98 ||   396

Table legend:
 A = Non-vault XP
 B = Vault XP
 C = Vault XP percentage of total XP
 D = Non-vault monster count
 E = Vault monster count
 F = Vault count percentage of total count
                 A         B        C        D         E       F
            +---------+---------+-------+---------+---------+-------
      Total |   94731 |   57167 |  37.6 |     474 |     296 |  38.4
            +---------+---------+-------+---------+---------+-------
        D:1 |      36 |       2 |   5.3 |      22 |       2 |   8.3
        D:2 |      93 |      21 |  18.4 |      20 |       5 |  20.0
        D:3 |      87 |       0 |   0.0 |      13 |       0 |   0.0
        D:4 |     554 |     158 |  22.2 |      26 |       1 |   3.7
        D:5 |     459 |     428 |  48.3 |      16 |      20 |  55.6
        D:6 |    1457 |       0 |   0.0 |      29 |       0 |   0.0
        D:7 |     825 |    1029 |  55.5 |      18 |      10 |  35.7
        D:8 |    1353 |    3825 |  73.9 |      14 |      19 |  57.6
        D:9 |    3262 |    5707 |  63.6 |      23 |      53 |  69.7
       D:10 |     456 |    2104 |  82.2 |      11 |       9 |  45.0
       D:11 |    3122 |       0 |   0.0 |      16 |       0 |   0.0
       D:12 |    7616 |    8198 |  51.8 |      27 |      21 |  43.8
       D:13 |    3914 |    6591 |  62.7 |      11 |      25 |  69.4
       D:14 |   11390 |       0 |   0.0 |      38 |       0 |   0.0
       D:15 |   21405 |    5037 |  19.0 |      41 |       8 |  16.3
     Lair:1 |    5916 |     293 |   4.7 |      22 |       2 |   8.3
     Lair:2 |    5112 |     289 |   5.4 |      19 |       1 |   5.0
     Lair:3 |    5614 |     496 |   8.1 |      15 |       1 |   6.2
     Lair:4 |    6261 |    2221 |  26.2 |      21 |       5 |  19.2
     Lair:5 |   13907 |   16935 |  54.9 |      47 |      81 |  63.3
      Orc:1 |     291 |       0 |   0.0 |       2 |       0 |   0.0
      Orc:2 |    1601 |    3833 |  70.5 |      23 |      33 |  58.9
            +---------+---------+-------+---------+---------+-------
